 Dungeon Crawl Stone Soup version 0.29.1 (webtiles) character file.

Game seed: 7555185767577175465

7 qw the Shield-Bearer (level 2, 0/19 HPs)
             Began as a Gargoyle Fighter on Sept 13, 2022.
             Slain by a kobold
             ... wielding a +0 dagger
              (1 damage)
             ... on level 1 of the Dungeon.
             The game lasted 00:00:06 (142 turns).

qw the Shield-Bearer (Gargoyle Fighter)              Turns: 142, Time: 00:00:06

Health: 0/19       AC:  9    Str: 19    XL:     2   Next: 4%
Magic:  2/2        EV:  9    Int:  8    God:
Gold:   0          SH:  4    Dex:  9    Spells: 1/1 levels left

rFire   . . .      SeeInvis .   a - +0 war axe
rCold   . . .      Faith    .   c - +0 buckler
rNeg    + . .      Spirit   .   b - +0 scale mail
rPois   inf        Reflect  .   (no helmet)
rElec   +          Harm     .   (no cloak)
rCorr   .          Rampage  .   (no gloves)
Will    .....                   (no boots)
Stlth   ..........              (no amulet)
HPRegen 0.06/turn               (no ring)
MPRegen 0.08/turn               (no ring)

@: no status effects
A: sickness immunity, AC +2, negative energy resistance 1, electricity
resistance, torment resistance 1, petrification resistance
a: no special abilities


You were on level 1 of the Dungeon.
You visited 1 branch of the dungeon, and saw 1 of its levels.


Innate Abilities, Weirdness & Mutations

You are immune to sickness and miasma.
Your stone body is resilient. (AC +2)
You are immune to poison.
You resist negative energy. (rN+)
You are resistant to electric shocks. (rElec)
You are resistant to unholy torment.
You are immune to petrification.


   Skills:
 - Level 3.2 Fighting
 + Level 2.4 Axes
 - Level 3.2 Armour
 - Level 3.2 Shields


You had one spell level left.
You didn't know any spells.
Your spell library was empty.

Inventory:

Hand Weapons
 a - a +0 war axe (weapon)
 g - a +0 club
Armour
 b - a +0 scale mail (worn)
 c - a +0 buckler (worn)
Scrolls
 e - 2 scrolls of teleportation {unknown}
 f - a scroll of poison {unknown}
Potions
 d - a potion of might
 h - a potion of brilliance {unknown}

Dungeon Overview and Level Annotations

Branches:
Dungeon (1/15)

Altars:


Message History

You barely miss the kobold.
The kobold is moderately wounded.
You hit the ball python. You closely miss the goblin.
The ball python barely misses you. The ball python grabs you.
The ball python constricts you. The goblin barely misses you.
The kobold hits you with a +0 short sword.
The ball python bites you but does no damage.
The ball python constricts you. The kobold hits you but does no damage.
The goblin hits you with a +3 dagger.
You closely miss the ball python.
The ball python is moderately wounded.
You hit the kobold but do no damage. You slash the goblin!
You kill the goblin!
The ball python bites you but does no damage.
The ball python constricts you. The kobold hits you but does no damage.
You closely miss the ball python.
The ball python is moderately wounded.
You hit the kobold. The ball python bites you. The ball python constricts you.
The kobold barely misses you. The ball python closely misses you.
The ball python constricts you.
You slash the ball python!
You kill the ball python!
You hit the kobold but do no damage. The kobold hits you but does no damage.
A kobold comes into view. It is wielding a +0 dagger.
The kobold hits you but does no damage.
The kobold shouts!
You slash the kobold!
You kill the kobold!
You have reached level 2!
You barely miss the kobold. The kobold hits you with a +0 dagger.
The kobold hits you but does no damage.
You hit the kobold.
The kobold is severely wounded.
You block the kobold's attack.
You hit the kobold but do no damage.
The kobold is severely wounded.
You block the kobold's attack. The kobold hits you with a +0 dagger.
You die...

#.#.# .# ....# #
..... .7..#
#..... 77#~# ..#
..(... 7P#~# #..#
....$. .<#~# ....
####...... 7P#~#
#.. .........
77#~# #..#
#%K...... .7 .#
#..####@)......
...
#..##..#......
#.#.# #####.....#
####. ###+#
#......#.##
..#.####.####.#.#
......... #.#.#
#.####### ##...#
#...########...##
###.......(..#.#


You could see a kobold.

Vanquished Creatures
  A ball python (D:1)
  A bat (D:1)
  A hobgoblin (D:1)
  A kobold (D:1)
  2 goblins (D:1)
6 creatures vanquished.

Notes
Turn   | Place    | Note
-------+----------+-------------------------------------------
     0 | D:1      | qw the Gargoyle Fighter began the quest for the Orb.
     0 | D:1      | Reached XP level 1. HP: 14/14 MP: 1/1
     0 | D:1      | 0 ||| qw: Version: 0.1-a-119-g272c26d
     0 | D:1      | 0 ||| qw: Game counter: 11206
     0 | D:1      | 0 ||| qw: Always use a shield: true
     0 | D:1      | 0 ||| qw: God list: Okawaru
     0 | D:1      | 0 ||| qw: Allow faded altars: false
     0 | D:1      | 0 ||| qw: Do Orc after D:15 true
     0 | D:1      | 0 ||| qw: Do second Lair branch before Depths: true
     0 | D:1      | 0 ||| qw: Lair rune preference: random
     0 | D:1      | 0 ||| qw: Plans: Normal, Zot, God:TSO, Crypt, Tomb, Pan,
                  | Slime, Hells, Zig, Abyss, Orb
     0 | D:1      | 0 ||| PLANNING D:1-11
   132 | D:1      | HP: 3/14 [constriction (1)]
   135 | D:1      | Reached XP level 2. HP: 3/19 MP: 2/2
   140 | D:1      | HP: 1/19 [kobold/+0 dagger (3)]
   142 | D:1      | Slain by a kobold

Levels and vault maps discovered:
D:1:      tarquinn_simple_flora_water_b, layout_rooms, serial_park_tiny_pond

Skill      XL: |  1 |
---------------+----+-----
Axes           | 2 |  2.4
Fighting       | |  3.2
Armour         | |  3.2
Shields        | |  3.2

Action                   || total
-------------------------++-------
Melee: War axe           ||    23
Armor: Scale mail        ||    25
Dodge: Dodged            ||    20
Block: Buckler           ||     9

Table legend:
 A = Non-vault XP
 B = Vault XP
 C = Vault XP percentage of total XP
 D = Non-vault monster count
 E = Vault monster count
 F = Vault count percentage of total count
                 A         B        C        D         E       F
            +---------+---------+-------+---------+---------+-------
      Total |      11 |       0 |   0.0 |       6 |       0 |   0.0
            +---------+---------+-------+---------+---------+-------
        D:1 |      11 |       0 |   0.0 |       6 |       0 |   0.0
            +---------+---------+-------+---------+---------+-------
